 Dungeon Crawl Stone Soup version 0.32-a0-42-ga30500b4d3 (webtiles) character file.

Game seed: 11064640696905613066

5885 whatisthis the Thaumaturge (level 10, -3/81 HPs)
             Began as an Oni Fire Elementalist on Feb 2, 2024.
             Was a Believer of Vehumet.
             Killed from afar by Fannar (39 damage)
             ... with a bolt of cold
             ... on level 10 of the Dungeon.
             The game lasted 00:25:17 (9660 turns).

whatisthis the Thaumaturge (Oni Fire Elementalist)  Turns: 9660, Time: 00:25:19

Health: -3/81      AC: 10    Str: 14    XL:     10   Next: 82%
Magic:  20/24      EV:  9    Int: 23    God:    Vehumet [**....]
Gold:   480        SH:  0    Dex:  9    Spells: 23/30 levels left

rFire   . . .        K - +8 hand axe "Lupp" {freeze, rPois Int+3}
rCold   . . .        i - orb {*channel}
rNeg    . . .        a - +0 robe
rPois   +            (helmet restricted)
rElec   .            u - +2 cloak
rCorr   .            (gloves unavailable)
SInv    .            (boots unavailable)
Will    +....        q - amulet of magic regeneration
Stlth   +            e - +4 ring of protection
HPRegen 0.33/turn    (no ring)
MPRegen 0.59/turn

%: channel magic (20%)
@: no status effects
A: large, unfitting armour, horns 1, tough skin 1, double potion healing,
drunken brawling
a: Renounce Religion


You were on level 10 of the Dungeon.
You worshipped Vehumet.
Vehumet was pleased with you.
You visited 2 branches of the dungeon, and saw 11 of its levels.
You also visited: Ossuary.

You collected 480 gold pieces.

Inventory:

Hand Weapons
 H - the +3 long sword "Sozeumeg" {holy, rPois rF+ Str+2 Dex+3}
   (You found it on level 6 of the Dungeon)

   Str+2:     It affects your strength (+2).
   Dex+3:     It affects your dexterity (+3).
   rF+:       It protects you from fire.
   rPois:     It protects you from poison
 J - a +0 demon whip of venom
 K - the +8 hand axe "Lupp" (weapon) {freeze, rPois Int+3}
   (You found it on level 9 of the Dungeon)

   Int+3:     It affects your intelligence (+3).
   rPois:     It protects you from poison
Missiles
 d - 20 poisoned darts
 t - 3 darts of dispersal
 w - a curare-tipped dart
Armour
 a - a +0 robe (worn)
 i - an orb of energy (worn)
 u - a +2 cloak (worn)
Jewellery
 e - a +4 ring of protection (left hand)
 q - an amulet of magic regeneration (around neck)
 I - the Hermit's Pendant {Faith Invo=14 Evo=0 MP+5}
   (You found it on level 6 of the Dungeon)

   [amulet of faith]

   Invo=14: It sets your Invocations skill to 14.
   Evo=0: It sets your Evocations skill to 0.
   Faith:     It allows you to gain divine favour quickly.
   MP+5:      It affects your magic capacity (+5).
Wands
 c - a wand of flame (5)
 l - a wand of light (9)
 z - a wand of digging (4)
Scrolls
 g - 3 scrolls of vulnerability
 h - 5 scrolls of teleportation
 m - 5 scrolls of amnesia
 p - a scroll of torment
 r - 2 scrolls of fog
 s - 4 scrolls of noise
 y - a scroll of fear
 C - 2 scrolls of revelation
 D - a scroll of butterflies
 F - a scroll of blinking
Potions
 b - 2 potions of magic
 f - 10 potions of curing
 j - a potion of brilliance {unknown}
 k - a potion of haste {unknown}
 n - 4 potions of mutation
 o - a potion of invisibility {unknown}
 v - 4 potions of berserk rage
 x - 2 potions of might
 A - 2 potions of cancellation
 B - a potion of resistance {unknown}
 E - a potion of ambrosia {unknown}
 G - a potion of lignification {unknown}


   Skills:
 - Level 1.7 Dodging
 - Level 1.4 Stealth
 + Level 10.5 Spellcasting
 + Level 8.4 Conjurations
 + Level 8.9 Fire Magic


You had 23 spell levels left.
You knew the following spells:

 Your Spells              Type           Power      Damage    Failure   Level
a - Foxfire               Conj/Fire      100%       2x1d9     1%          1
b - Scorch                Fire           100%       2d9       2%          2
c - Flame Wave            Conj/Fire      51%        2d13      7%          4

Your spell library contained the following spells:

 Spells                   Type           Power      Damage    Failure   Level
 Shock                    Conj/Air       100%       1d9       4%          1
 Kiss of Death            Conj/Necr      100%       2d13      4%          1
 Sting                    Conj/Alch      100%       1d9       4%          1
 Dazzling Flash           Conj/Hex       62%        N/A       10%         3
 Inner Flame              Hex/Fire       32%        N/A       10%         3
 Volatile Blastmotes      Fire/Tloc      64%        2d15      10%         3
 Apportation              Tloc           24%        N/A       16%         1
 Necrotise                Necr           48%        1d6       16%         1
 Slow                     Hex            48%        N/A       16%         1
 Summon Small Mammal      Summ           48%        N/A       16%         1
 Confusing Touch          Hex            12%        N/A       34%         3
 Sigil of Binding         Hex            12%        N/A       34%         3
 Vampiric Draining        Necr           12%        2d6       34%         3
 Starburst                Conj/Fire      25%        6d8       45%         6
 Arcjolt                  Conj/Air       15%        1d25      47%         5
 Dispel Undead            Necr           12%        3d9       69%         4
 Martyr's Knell           Necr/Summ      12%        N/A       69%         4
 Vhi's Electric Charge    Tloc/Air       24%        N/A       69%         4
 Curse of Agony           Necr           12%        N/A       94%         5
 Maxwell's Capacitive Co  Air            6%         ∞         100%        8


Dungeon Overview and Level Annotations

Branches:
Dungeon (10/15)            Temple (1/1) D:6         Ossuary (visited)
   Lair: D:8-11         Orc: D:9-12

Altars:
Ashenzari
Cheibriados
Dithmenos
Elyvilon
Fedhas
Gozag
Hepliaklqana
Kikubaaqudgha
Makhleb
Nemelex Xobeh
Okawaru
Qazlal
Ru
Sif Muna
Trog
Uskayaw
Vehumet
Wu Jian
Xom
Yredelemnul
Zin
The Shining One

Shops:
D:5 ?   D:7 :[

Annotations:
D:3 exclusion: door
D:7 1 runed translucent door, Crazy Yiuf
D:10 Fannar


Innate Abilities, Weirdness & Mutations

You are too large for most types of armour.
You have a pair of small horns on your head.
You have tough skin. (AC +1)
You gain doubled healing and magic from potions.
Whenever you drink a healing potion, you attack all around you.


Message History

The bolt of cold misses you. The bolt of cold hits your foxfire!!
Casting: Foxfire (safe; 1% risk of failure)
Press: ? - help, Q - select action, (/) - cycle Dir - look around, f - activate You conjure some foxfire!
Your foxfire is engulfed in freezing vapours.
The foxfire hits Fannar.
Fannar is heavily wounded.
Casting: Foxfire (safe; 1% risk of failure)
Press: ? - help, Q - select action, (/) - cycle Dir - look around, f - activate You conjure some foxfire!
The foxfire hits Fannar.
Fannar is heavily wounded.
The foxfire hits Fannar but does no damage.
Fannar is heavily wounded.
Fannar is engulfed in a cloud of scalding steam.
Casting: Foxfire (safe; 1% risk of failure)
Press: ? - help, Q - select action, (/) - cycle Dir - look around, f - activate You conjure some foxfire!
Magical energy flows into your mind!
The foxfire hits Fannar but does no damage.
Fannar is severely wounded.
The foxfire hits Fannar.
Fannar is severely wounded.
The foxfire hits Fannar.
Fannar is severely wounded.
Fannar is engulfed in a cloud of scalding steam.
Fannar gestures at you while chanting. The bolt of cold hits you!!!
Unknown command.
Casting: Foxfire (safe; 1% risk of failure)
Press: ? - help, Q - select action, (/) - cycle Dir - look around, f - activate You conjure some foxfire!
Magical energy flows into your mind!
Your foxfire is engulfed in freezing vapours.
The foxfire hits Fannar but does no damage.
Fannar is severely wounded.
Your foxfire is engulfed in freezing vapours.
The foxfire hits Fannar!
Fannar is almost dead.
Fannar casts a spell at you. The bolt of cold hits you!!!
You die...

+...(.....#
~.~~≈~~.##.........#
~.~≈≈≈~.#####+######
~.~≈≈≈≈.# .#
≈.~~≈~~.# ######.##
~.......# #.......#
...~~~~.# #.......#
~~.~≈≈§§###.......#
≈~.e°§§@v.........#
≈~.~≈≈§v###.......#
~~.~~~~.# #.......#
........# #.......#
..$.##### #.......#
#### #.......#
#####..##
####....####
#..).......#


You could see Fannar (ally target).

Vanquished Creatures
  Amaemon (D:8)
  Pikel (D:4)
  Maurice (D:7)
  An orange demon (D:8)
  Prince Ribbit (D:7)
  A wyvern (D:8)
  5 yaks (D:9)
  A steam dragon (D:8)
  A black bear (D:5)
  2 ice beasts (D:8)
  2 orc warriors
  A centaur (D:8)
  A lemure (D:4)
  A phantom (D:3)
  A kobold brigand (D:8)
  Blork the orc (D:5)
  A bullfrog (D:8)
  A scorpion (D:5)
  2 burial acolytes (Ossuary)
  9 wights
  An electric eel (D:10)
  9 howler monkeys
  3 gnoll boudas
  10 hounds
  4 jellies
  2 orc priests
  A sleepcap (D:4)
  Jessica (D:2)
  5 iguanas
  4 orc wizards
  17 gnolls
  6 adders
  A shadow imp (D:7)
  An adder skeleton (Ossuary)
  3 dart slugs
  2 ribbon worms (D:3)
  23 orcs
  9 ball pythons
  6 bats
  13 endoplasms
  4 giant cockroaches
  9 goblins
  9 hobgoblins
  4 jackals (D:2)
  9 kobolds
  3 quokkas
  A ball python skeleton (Ossuary)
  2 frilled lizards
  A hobgoblin skeleton (Ossuary)
  5 orc skeletons (Ossuary)
  7 rats
210 creatures vanquished.

Vanquished Creatures (others)
  782 foxfires
782 creatures vanquished.

Grand Total: 992 creatures vanquished

Notes
Turn   | Place    | Note
-------+----------+-------------------------------------------
     0 | D:1      | whatisthis the Oni Fire Elementalist began the quest for
                  | the Orb.
     0 | D:1      | Reached XP level 1. HP: 16/16 MP: 3/3
    13 | D:1      | Found a faded altar of an unknown god.
    68 | D:1      | Reached skill level 1 in Conjurations
   202 | D:1      | Reached XP level 2. HP: 24/24 MP: 2/5
   518 | D:1      | Reached skill level 3 in Spellcasting
   698 | D:1      | Reached XP level 3. HP: 31/31 MP: 2/7
   984 | D:2      | Noticed Jessica
  1004 | D:2      | Killed Jessica
  1085 | D:2      | Reached XP level 4. HP: 39/39 MP: 5/9
  2308 | D:2      | Reached XP level 5. HP: 45/45 MP: 5/10
  2561 | D:3      | Found a basalt altar of Yredelemnul.
  2561 | D:3      | Noticed a weeping skull
  2645 | D:3      | Reached skill level 4 in Spellcasting
  2649 | D:3      | Identified the amulet "Nyenigu" {Rampage ^Fragile rElec
                  | Regen+ Dex+4}
  2698 | D:3      | Found a sacrificial altar of Ru.
  2848 | D:3      | Noticed a phantom
  2856 | D:3      | Killed a phantom
  2857 | D:3      | Reached XP level 6. HP: 53/53 MP: 6/12
  3269 | D:4      | Noticed Pikel
  3316 | D:4      | Killed Pikel
  3317 | D:4      | Reached skill level 5 in Spellcasting
  3317 | D:4      | Reached skill level 5 in Fire Magic
  3317 | D:4      | Reached XP level 7. HP: 8/59 MP: 12/15
  3329 | D:4      | Found a sand-covered staircase.
  3368 | Ossuary  | Entered an ossuary
  3559 | Ossuary  | Reached skill level 6 in Spellcasting
  3567 | Ossuary  | Reached XP level 8. HP: 51/67 MP: 15/17
  4061 | D:4      | Learned a level 2 spell: Scorch
  4144 | D:4      | Found a burning altar of Makhleb.
  4176 | D:4      | Reached skill level 5 in Conjurations
  4319 | D:4      | Reached skill level 7 in Spellcasting
  4942 | D:4      | Found a glowing golden altar of the Shining One.
  5005 | D:5      | Entered Level 5 of the Dungeon
  5153 | D:5      | Reached XP level 9. HP: 74/74 MP: 16/20
  5229 | D:5      | Noticed Blork the orc
  5232 | D:5      | Killed Blork the orc
  5266 | D:5      | Found a bloodstained altar of Trog.
  5296 | D:5      | Found a shadowy altar of Dithmenos.
  5816 | D:5      | Found The Oracle's Delphic Readings.
  5977 | D:6      | Reached skill level 8 in Spellcasting
  5997 | D:6      | Found a sparkling altar of Nemelex Xobeh.
  6126 | D:6      | Identified the +3 long sword "Sozeumeg" {holy, rPois rF+
                  | Str+2 Dex+3}
  6318 | D:6      | Found a staircase to the Ecumenical Temple.
  6380 | Temple   | Entered the Ecumenical Temple
  6385 | Temple   | Became a worshipper of Vehumet
  6515 | D:6      | Found a faded altar of an unknown god.
  6515 | D:6      | Found the Hermit's Pendant {Faith Invo=14 Evo=0 MP+5}
  6635 | D:7      | Noticed Prince Ribbit
  6636 | D:7      | Found Ukhla's Armour Shoppe.
  6639 | D:7      | Killed Prince Ribbit
  6918 | D:7      | Found a shimmering altar of Xom.
  6983 | D:7      | Noticed Maurice
  6996 | D:7      | Something stole 3 darts of dispersal
  7327 | D:7      | Found a white marble altar of Elyvilon.
  7533 | D:7      | Killed Maurice
  7534 | D:7      | Reached skill level 9 in Spellcasting
  7558 | D:7      | Found a runed translucent door.
  7559 | D:7      | Noticed Crazy Yiuf
  7642 | D:7      | Found Perel's Tiny Tomes.
  7652 | D:7      | Learned a level 4 spell: Flame Wave
  7762 | D:8      | Reached XP level 10. HP: 75/81 MP: 18/23
  7812 | D:8      | Identified the +5 ring mail of a bazaar {Rampage}
  7839 | D:8      | Found an iron altar of Okawaru.
  7863 | D:8      | Reached * piety under Vehumet
  7863 | D:8      | Offered knowledge of Sandblast by Vehumet.
  7910 | D:8      | Found an ornate altar of the Wu Jian Council.
  8049 | D:8      | Noticed Amaemon
  8056 | D:8      | Noticed an orange demon
  8063 | D:8      | Killed Amaemon
  8068 | D:8      | Killed an orange demon
  8463 | D:8      | Reached skill level 10 in Spellcasting
  9195 | D:9      | Identified the +8 hand axe "Lupp" {freeze, rPois Int+3}
  9303 | D:9      | Found a broken altar of Ashenzari.
  9519 | D:10     | Entered Level 10 of the Dungeon
  9538 | D:10     | Reached ** piety under Vehumet
  9540 | D:10     | Offered knowledge of Shock by Vehumet.
  9548 | D:10     | Noticed a two-headed ogre
  9646 | D:10     | Noticed Fannar
  9660 | D:10     | Killed from afar by Fannar

Illustrated notes

Levels and vault maps discovered:
D:1:      dpeg_arrival_arbitrary_b, layout_rooms, basic_ecumenical_altar
D:2:      layout_loops_corners, minmay_increasing_density, uniq_jessica
D:3:      layout_rooms, nicolae_ru_great_annihilating_truth,
          yredelemnul_forgotten_temple_becter, grunt_ministairs_12, minivault_25
D:4:      layout_loops_corners, nicolae_overflow_hidden_temple,
          mainiacjoe_overflow_alcove_4, nicolae_ossuary_entry_plus,
          minmay_distorted, uniq_pikel
D:5:      layout_loops_corners, mainiacjoe_overflow_paths,
          mainiacjoe_overflow_chevrons, nicolae_nh_oracle_at_delphi,
          uniq_blork_the_orc
D:6:      layout_basic, general_overflow_altar, temple_hall,
          hellmonk_guarded_unrand_hermit
D:7:      layout_rooms, elyvilon_altar_1, mainiacjoe_overflow_boulevard,
          serial_shops, nicolae_shop_just_a_little_nook,
          nicolae_shop_i_like_small_books_too, uniq_prince_ribbit1,
          uniq_crazy_yiuf_cottage, uniq_maurice
D:8:      layout_loops_ring, overflow_temple_1_default,
          nicolae_wu_jian_wuxing_cycle, nrook_mini_backslash,
          grunt_ministairs_8, uniq_amaemon
D:9:      layout_long_grid, lemuel_coloured_pillars_altar,
          kennysheep_generic_room_7
D:10:     layout_roguey, minivault_14, uniq_fannar, uniq_urug
Temple:   hellmonk_temple_micro_hex

Skill      XL: |  1  2  3  4  5  6  7  8  9 10 |
---------------+-------------------------------+-----
Conjurations   | 1 2 4 5 7 8 |  8.4
Fire Magic     | 3 4 5 6 7 8 |  8.9
Spellcasting   | 3 4 5 6 7 9 10 | 10.5
Dodging        | |  1.7
Stealth        | |  1.4

Action                     |  1- 3 |  4- 6 |  7- 9 | 10-12 || total
---------------------------+-------+-------+-------+-------++-------
  Melee: War axe           |       |     7 |       |       ||     7
         Quarterstaff      |       |       |    15 |       ||    15
         Headbutt          |       |       |     7 |       ||     7
         Falchion          |       |       |     4 |       ||     4
         Long sword        |       |       |     1 |     1 ||     2
   Cast: Foxfire           |    57 |   136 |   218 |    82 ||   493
         Scorch            |       |       |    67 |    18 ||    85
         Flame Wave        |       |       |       |    13 ||    13
  Evoke: Wand              |       |     4 |     5 |       ||     9
    Use: Scroll            |       |       |    15 |     1 ||    16
   Stab: Sleeping          |       |       |     1 |       ||     1
 Armour: Robe              |     4 |    30 |    66 |    33 ||   133
  Dodge: Dodged            |     2 |    15 |    30 |    15 ||    62

Table legend: (Time is in decaauts)
 A = Elapsed time spent in this place.
 B = Non-inter-level travel time spent in this place.
 C = Inter-level travel time spent in this place.
 D = Time resting spent in this place.
 E = Time spent auto-exploring this place.
 F = Levels seen in this place.
 G = Mean time per level.
                   A        B        C        D        E       F      G
               +--------+--------+--------+--------+--------+-----+--------+
         Total |   9665 |   9080 |    585 |   1283 |   5379 |  12 |  805.4 |
       Dungeon |   9051 |   8470 |    581 |   1080 |   5267 |  10 |  905.1 |
        Temple |     10 |      6 |      4 |      0 |      0 |   1 |   10.0 |
       Ossuary |    603 |    603 |      0 |    203 |    112 |   1 |  603.0 |
               +--------+--------+--------+--------+--------+-----+--------+

Top non-repeatable levels by time:
     D:2: 1524 daAuts
     D:4: 1281 daAuts
     D:8: 1100 daAuts
     D:1: 966 daAuts
     D:5: 965 daAuts
     D:6: 954 daAuts
     D:7: 820 daAuts
     D:9: 703 daAuts
     D:3: 635 daAuts
 Ossuary: 603 daAuts
    D:10: 99 daAuts
  Temple: 10 daAuts
